 Dungeon Sprint DCSS version 0.21.2 (webtiles) character file.

2997 Fang the Cleaver (level 9, -18/64 HPs)
             Began as a Gargoyle Berserker on Dec 20, 2018.
             Was the Champion of Trog.
             Killed from afar by a rime drake (21 damage)
             ... with a flash freeze
             ... in the Dungeon (Sprint VII: "The Pits").
             The game lasted 00:02:41 (1047 turns).

Fang the Cleaver (Gargoyle Berserker)               Turns: 1047, Time: 00:02:42

Health: -18/64     AC: 27    Str: 26    XL:     9   Next: 84%
Magic:  9/9        EV: 10    Int:  9    God:    Trog [******]
Gold:   0          SH:  0    Dex:  9    Spells: 8/8 levels left

rFire    . . .     SeeInvis .   u - +2 war axe (chop)
rCold    . . .     Gourm    .   (no shield)
rNeg     + . .     Faith    .   v - +3 plate armour
rPois    ∞         Spirit   .   w - +0 helmet
rElec    +         Reflect  .   (no cloak)
rCorr    .         Harm     .   (no gloves)
MR       .....     NoTele   +   (no boots)
Stlth    ..........             (no amulet)
HPRegen  0.20/turn              q - +3 ring of strength
MPRegen  0.11/turn              r - +3 ring of protection

@: berserk cooldown, slowed, very slow
A: negative energy resistance 1, electricity resistance, unbreathing,
petrification resistance, rot immunity, AC +6
a: Berserk, Trog's Hand, Brothers in Arms, Burn Spellbooks, Renounce Religion


You were in the Dungeon.
You worshipped Trog.
Trog was exalted by your worship.
You were very hungry.

You visited 1 branch

Inventory:

Hand Weapons
 m - a +2 hand axe of freezing
 o - a +3 antimagic battleaxe
 u - a +2 war axe of chopping (weapon)
Armour
 v - a +3 plate armour (worn)
 w - a +0 helmet (worn)
Jewellery
 q - a +3 ring of strength (left hand)
 r - a +3 ring of protection (right hand)
Scrolls
 i - a scroll of blinking
 k - 3 scrolls of remove curse
 l - a scroll of summoning
Potions
 a - 2 potions of invisibility
 d - 7 potions of curing
 e - 8 potions of heal wounds
 f - a potion of haste
 g - 4 potions of magic
 h - 5 potions of berserk rage
 s - 2 potions of brilliance
 t - a potion of agility
Comestibles
 c - 9 rations
 p - 2 chunks of flesh


   Skills:
 + Level 11.6 Fighting
 + Level 14.2 Axes
 + Level 8.7 Armour
 + Level 7.2 Dodging
 + Level 3.7 Stealth


You had 8 spell levels left.
You didn't know any spells.

Dungeon Overview and Level Annotations

Branches:
Dungeon (1/1)

Altars:
Ashenzari
Cheibriados
Dithmenos
Elyvilon
Fedhas
Gozag
Hepliaklqana
Kikubaaqudgha
Makhleb
Nemelex Xobeh
Okawaru
Qazlal
Ru
Sif Muna
Trog
Uskayaw
Vehumet
Wu Jian
Xom
Yredelemnul
Zin
The Shining One
Beogh
Jiyva
Lugonu


Innate Abilities, Weirdness & Mutations

You are resistant to torment.
Your stone body is resilient. (AC +6)
You are immune to poison.
You resist negative energy. (rN+)
You are resistant to electric shocks. (rElec)
You can survive without breathing.
You are immune to petrification.
You are immune to rotting.


Message History

You kill the jackal!
Trog accepts your kill.
Unknown command.
You slash the jackal!
You kill the jackal!
Trog accepts your kill.
The alligator snapping turtle bites you but does no damage.
Unknown command.
A snapping turtle comes into view.
The snapping turtle hisses angrily.
You hear an angry hiss.
There is an open door, spattered with blood here.
You feel a strong urge to attack something.
A rime drake comes into view.
You are no longer berserk.
You are exhausted.
You feel yourself slow down.
The rime drake hisses angrily.
The rime drake breathes ice at you. The flash freeze hits you!
You die...

...##..#..#####.## ..#
...##..#....##...#...#
...##..'†....#...#...#
#####..).....'...k...'
#####..'.....#)†.#...
![[##..#....##†.t#
..[##..#..#####)##
.))##..####.k.#'######..
.))##..##..t....@......#
!.)##..#..............##
#######################


You could see a snapping turtle and a rime drake.

Vanquished Creatures
  A vampire knight (D)
  Urug (D)
  A hippogriff (D)
  A redback (D)
  A warg (D)
  A black bear (D)
  An eye of draining (D)
  A centaur (D)
  6 wolves (D)
  A crocodile (D)
  A big kobold (D)
  A jelly (D)
  An iron imp (D)
  An orc wizard (D)
  2 gnolls (D)
  An adder (D)
  A leopard gecko (D)
  A ball python (D)
  A bat skeleton (D)
  A giant cockroach (D)
  6 jackals (D)
  2 quokkas (D)
  A jackal zombie (D)
  3 kobolds (D)
  A quokka skeleton (D)
39 creatures vanquished.

Notes
Turn   | Place    | Note
-------+----------+-------------------------------------------
     0 | D        | Fang the Gargoyle Berserker began the quest for the Orb.
     0 | D        | Reached XP level 1. HP: 14/14 MP: 1/1
    23 | D        | Reached skill level 3 in Axes
    28 | D        | Found a bloodstained altar of Trog.
    28 | D        | Found a deep blue altar of Sif Muna.
    28 | D        | Found a viscous altar of Jiyva.
    28 | D        | Found a hazy altar of Hepliaklqana.
    28 | D        | Found an opulent altar of Gozag.
    65 | D        | Reached ** piety under Trog
    80 | D        | Reached XP level 2. HP: 12/20 MP: 2/2
    83 | D        | Reached *** piety under Trog
   165 | D        | Noticed a wolf
   179 | D        | Killed a wolf
   179 | D        | Reached **** piety under Trog
   179 | D        | Reached skill level 5 in Axes
   179 | D        | Reached XP level 3. HP: 8/27 MP: 3/3
   179 | D        | Reached XP level 4. HP: 10/32 MP: 4/4
   414 | D        | Found a glowing golden altar of the Shining One.
   414 | D        | Found a glowing silver altar of Zin.
   414 | D        | Found a basalt altar of Yredelemnul.
   414 | D        | Found a shimmering altar of Xom.
   414 | D        | Found an ornate altar of the Wu Jian Council.
   414 | D        | Found a sacrificial altar of Ru.
   414 | D        | Found a stormy altar of Qazlal.
   414 | D        | Found an iron altar of Okawaru.
   414 | D        | Found a sparkling altar of Nemelex Xobeh.
   414 | D        | Found a burning altar of Makhleb.
   414 | D        | Found a blossoming altar of Fedhas.
   414 | D        | Found a white marble altar of Elyvilon.
   414 | D        | Found a shadowy altar of Dithmenos.
   414 | D        | Found a snail-covered altar of Cheibriados.
   445 | D        | Reached skill level 6 in Axes
   449 | D        | Reached XP level 5. HP: 26/37 MP: 5/5
   450 | D        | Reached ***** piety under Trog
   561 | D        | Reached skill level 7 in Axes
   578 | D        | Reached skill level 1 in Stealth
   580 | D        | Noticed a wolf
   588 | D        | Killed a wolf
   588 | D        | Reached skill level 8 in Axes
   588 | D        | Reached XP level 6. HP: 35/44 MP: 6/6
   653 | D        | Noticed a black bear
   659 | D        | Received a gift from Trog
   669 | D        | Killed a black bear
   669 | D        | Reached skill level 9 in Axes
   669 | D        | Reached skill level 5 in Dodging
   677 | D        | Reached XP level 7. HP: 41/50 MP: 7/7
   734 | D        | Noticed a hippogriff
   742 | D        | Killed a hippogriff
   742 | D        | Reached skill level 10 in Axes
   743 | D        | Reached skill level 5 in Armour
   749 | D        | Reached skill level 11 in Axes
   916 | D        | Found a radiant altar of Vehumet.
   916 | D        | Found a corrupted altar of Lugonu.
   916 | D        | Found a roughly hewn altar of Beogh.
   917 | D        | Found a hide-covered altar of Uskayaw.
   917 | D        | Found an ancient bone altar of Kikubaaqudgha.
   917 | D        | Found a shattered altar of Ashenzari.
   947 | D        | Noticed a redback
   947 | D        | Noticed a warg
   947 | D        | Noticed Urug
   953 | D        | Killed a warg
   953 | D        | Reached XP level 8. HP: 56/56 MP: 8/8
   955 | D        | Killed a redback
   962 | D        | Killed Urug
   962 | D        | Reached skill level 10 in Fighting
   962 | D        | Reached skill level 12 in Axes
   962 | D        | Reached XP level 9. HP: 63/63 MP: 9/9
  1023 | D        | Noticed a vampire knight
  1025 | D        | Reached skill level 13 in Axes
  1025 | D        | Reached ****** piety under Trog
  1026 | D        | Received a gift from Trog
  1031 | D        | Noticed an alligator snapping turtle
  1039 | D        | HP: 3/94 [something/vampiric draining (3)]
  1040 | D        | Killed a vampire knight
  1040 | D        | Reached skill level 14 in Axes
  1046 | D        | Noticed a rime drake
  1047 | D        | Killed from afar by a rime drake

Skill      XL: |  1  2  3  4  5  6  7  8  9 |
---------------+----------------------------+-----
Axes           | 3 5 6 8 9 11 12 14 | 14.2
Fighting       | 4 6 7 8 9 10 11 | 11.6
Dodging        | 2 3 4 5 6 7 |  7.2
Armour         | 3 4 5 6 8 |  8.7
Stealth        | 1 2 3 |  3.7

Action                   |  1- 3 |  4- 6 |  7- 9 || total
-------------------------+-------+-------+-------++-------
Melee: Hand axe          |    34 |    47 |     2 ||    83
       Battleaxe         |       |       |    12 ||    12
       War axe           |       |       |    34 ||    34
Invok: Berserk           |     1 |       |     3 ||     4
  Eat: Chunk             |       |       |     3 ||     3
Armor: Animal skin       |    12 |       |       ||    12
       Chain mail        |       |    35 |    14 ||    49
       Plate armour      |       |       |    22 ||    22
Dodge: Dodged            |    31 |    28 |    26 ||    85
